 Dungeon Crawl Stone Soup version 0.27.1 (webtiles) character file.

Game seed: 10417081457230550446

1285 bnorton916 the Vexing (level 8, -8/61 HPs)
             Began as a Deep Elf Conjurer on Aug 21, 2021.
             Was an Initiate of Vehumet.
             Mangled by a wyvern zombie (11 damage)
             ... on level 5 of the Dungeon.
             The game lasted 00:08:22 (5234 turns).

bnorton916 the Vexing (Deep Elf Conjurer)           Turns: 5234, Time: 00:08:23

Health: -8/61      AC: 24    Str:  5    XL:     8   Next: 29%
Magic:  2/19       EV:  2    Int: 31    God:    Vehumet [......]
Gold:   203        SH:  0    Dex: 13    Spells: 9/20 levels left

rFire    . . .     SeeInvis .   (no weapon)
rCold    . . .     Faith    .   (no shield)
rNeg     + + +     Spirit   .   (armour currently unavailable)
rPois    +         Reflect  .   (helmet currently unavailable)
rElec    .         Harm     .   (cloak currently unavailable)
rCorr    .         Rampage  .   (gloves currently unavailable)
Will     .....     NoTele   +   (boots currently unavailable)
Stlth    ++........             (no amulet)
HPRegen  0.20/turn              d - +6 ring of intelligence
MPRegen  0.16/turn              s - ring of poison resistance

@: tree-form
A: stationary, stasis, torment immunity, boosted hp
a: Renounce Religion


You were on level 5 of the Dungeon.
You worshipped Vehumet.
Vehumet was noncommittal.
You were a tree.
You visited 2 branches of the dungeon, and saw 6 of its levels.

You collected 203 gold pieces.

Inventory:

Hand Weapons
 p - a +2 dagger of pain
 v - a +0 dagger of flaming
 w - a +2 dagger of speed
 y - a +7 short sword of draining
Missiles
 i - 174 stones
 k - a throwing net
Armour
 a - a +0 robe (melded)
 r - a +2 pair of boots (melded)
 t - a +0 buckler
Jewellery
 d - a +6 ring of intelligence (left branch)
 s - a ring of poison resistance (right branch)
Scrolls
 b - 2 scrolls of immolation {unknown}
 e - a scroll of summoning {unknown}
 f - 5 scrolls of identify {unknown}
 g - 2 scrolls of enchant armour {unknown}
 j - 2 scrolls of teleportation {unknown}
 m - a scroll of vulnerability {unknown}
 o - a scroll of blinking {unknown}
 u - a scroll of magic mapping {unknown}
Potions
 c - a potion of lignification
 h - 2 potions of flight
 l - 2 potions of heal wounds {unknown}
 n - a potion of ambrosia {unknown}
 q - 2 potions of curing {unknown}
 x - 2 potions of magic {unknown}
 z - a potion of berserk rage {unknown}


   Skills:
 - Level 2.4 Dodging
 - Level 2.4 Stealth
 - Level 6.5 Spellcasting
 - Level 6.5 Conjurations
 + Level 7.1 Hexes
 - Level 1.0 Necromancy
 + Level 5.7 Translocations


You had 9 spell levels left.
You knew the following spells:

 Your Spells              Type           Power      Damage    Failure   Level
a - Magic Dart            Conj           100%       1d8       1%          1
b - Searing Ray           Conj           100%       3d7       1%          2
c - Fulminant Prism       Conj/Hex       25%        3d14      2%          4
d - Iskenderun's Mystic   Conj/Tloc      48%        2d11      3%          4

Your spell library contained the following spells:

 Spells                   Type           Power      Damage    Failure   Level
 Dazzling Flash           Conj/Hex       100%       N/A       1%          3
 Sublimation of Blood     Necr           8%         N/A       4%          2
 Wereblood                Tmut           10%        N/A       7%          2
 Summon Hydra             Summ           5%         N/A       100%        7


Dungeon Overview and Level Annotations

Branches:
Dungeon (5/15)             Temple (1/1) D:5

Altars:
Cheibriados
Dithmenos
Elyvilon
Fedhas
Kikubaaqudgha
Makhleb
Okawaru
Qazlal
Ru
Sif Muna
Trog
Vehumet
Wu Jian
Yredelemnul
Zin
The Shining One

Shops:
D:2 :

Annotations:
D:4 3 runed translucent doors, velxir3's ghost, amateur GnWn


Message History

The wyvern zombie is moderately damaged.
The wyvern zombie is knocked back by the mystic blast.
The mystic blast hits Pikel!
Pikel is severely wounded.
Pikel is knocked back by the mystic blast.
Unknown command.
Unknown command.
Casting: Iskenderun's Mystic Blast (quite dangerous; 5% risk of failure)
Confirm with . or Enter, or press ? or * to list all spells.
Aiming: Searing Ray (safe; 1% risk of failure)
Press: ? - help, Shift-Dir - straight line, f - Pikel
Aim: Pikel, wielding a +0 whip of electrocution and wearing a +0 robe (severely wounded, 79% to hit)
The searing ray hits Pikel!
You kill Pikel!
Vehumet accepts your kill. (Press . to maintain the ray.) With Pikel's spell broken, his former minions thank you for their freedom.
The lemure departs this earthly plane. x2
Your Hexes skill gained 2 levels and is now at level 7!
Your Translocations skill increases to level 5!
You have reached level 8!
You feel clever.
The searing ray hits the wyvern zombie!
The wyvern zombie is heavily damaged.
Without enough magic to sustain it, your searing ray dissipates.
Casting: Searing Ray (safe; 1% risk of failure)
Confirm with . or Enter, or press ? or * to list all spells.
You don't have enough magic to cast this spell.
Unknown command.
The wyvern zombie bites you!
* * * LOW HITPOINT WARNING * * *
The wyvern zombie bites you.
* * * LOW HITPOINT WARNING * * *
It was a potion of lignification.
You turn into a tree.
Your +2 pair of boots melds into your body.
Your +0 robe melds into your body.
Your roots penetrate the ground.
The wyvern zombie bites you but does no damage.
It was a potion of flight.
Your roots keep you in place.
The wyvern zombie bites you!
You die...

##################§#
#>..♣Z..........)..§
#.#######.########.#
#.# #.# ###.# #.#
#...# ### #.### #.#
#.# #.#


You could see a wyvern zombie.

Vanquished Creatures
  Pikel (D:5)
  Menkaure (D:5)
  Duvessa (D:5)
  An ice beast (D:3)
  2 lemures (D:5)
  Dowan (D:5)
  A water moccasin skeleton (D:4)
  A howler monkey (D:4)
  A centaur zombie (D:5)
  A hound (D:5)
  2 jellies (D:4)
  3 orc wizards
  A hound skeleton (D:4)
  6 adders
  An ufetubus (D:4)
  An adder skeleton (D:4)
  An adder zombie (D:3)
  A worm (D:3)
  4 dart slugs
  10 orcs
  6 endoplasms
  4 giant cockroaches
  11 goblins
  9 hobgoblins
  12 jackals
  8 kobolds
  5 quokkas
  5 ball pythons
  4 bats
  5 frilled lizards
  4 rats
114 creatures vanquished.

Vanquished Creatures (others)
  4 fulminant prisms (D:5)
  A plant (D:5)
5 creatures vanquished.

Grand Total: 119 creatures vanquished

Notes
Turn   | Place    | Note
-------+----------+-------------------------------------------
     0 | D:1      | bnorton916 the Deep Elf Conjurer began the quest for the
                  | Orb.
     0 | D:1      | Reached XP level 1. HP: 10/10 MP: 6/6
   243 | D:1      | Reached XP level 2. HP: 15/15 MP: 5/8
   832 | D:2      | Reached skill level 5 in Conjurations
   832 | D:2      | Reached XP level 3. HP: 19/19 MP: 4/10
   835 | D:2      | Learned a level 2 spell: Searing Ray
   917 | D:2      | Found Nidghisy's Book Boutique.
  1120 | D:2      | Found a faded altar of an unknown god.
  1513 | D:2      | Reached XP level 4. HP: 18/24 MP: 7/12
  2195 | D:3      | Reached skill level 5 in Spellcasting
  2728 | D:3      | Noticed an ice beast
  2733 | D:3      | Killed an ice beast
  2734 | D:3      | Reached XP level 5. HP: 28/28 MP: 8/15
  3714 | D:4      | Reached XP level 6. HP: 31/32 MP: 8/17
  3910 | D:4      | Learned a level 4 spell: Fulminant Prism
  3915 | D:4      | Learned a level 4 spell: Iskenderun's Mystic Blast
  4033 | D:4      | Reached skill level 1 in Hexes
  4033 | D:4      | Reached skill level 1 in Necromancy
  4133 | D:4      | Reached skill level 2 in Hexes
  4133 | D:4      | Reached skill level 1 in Translocations
  4247 | D:4      | Found a stormy altar of Qazlal.
  4279 | D:4      | Found a runed translucent gate.
  4279 | D:4      | Found a runed translucent gate.
  4279 | D:4      | Found a runed translucent gate.
  4285 | D:4      | Noticed velxir3's ghost (amateur GnWn)
  4420 | D:4      | Found an ornate altar of the Wu Jian Council.
  4540 | D:5      | Entered Level 5 of the Dungeon
  4599 | D:5      | Noticed Menkaure
  4600 | D:5      | Reached skill level 3 in Hexes
  4607 | D:5      | Killed Menkaure
  4608 | D:5      | Reached skill level 4 in Hexes
  4608 | D:5      | Reached XP level 7. HP: 36/36 MP: 7/18
  4919 | D:5      | Noticed Dowan
  4922 | D:5      | Noticed Duvessa
  4930 | D:5      | Killed Duvessa
  4931 | D:5      | Reached skill level 5 in Hexes
  4932 | D:5      | Killed Dowan
  5043 | D:5      | Found a staircase to the Ecumenical Temple.
  5076 | Temple   | Entered the Ecumenical Temple
  5135 | Temple   | Became a worshipper of Vehumet
  5211 | D:5      | Noticed Pikel
  5221 | D:5      | Killed Pikel
  5222 | D:5      | Reached skill level 7 in Hexes
  5222 | D:5      | Reached skill level 5 in Translocations
  5222 | D:5      | Reached XP level 8. HP: 11/41 MP: 2/19
  5231 | D:5      | HP: 1/41 [wyvern zombie (3)]
  5234 | D:5      | Mangled by a wyvern zombie

Illustrated notes

Levels and vault maps discovered:
D:1:      heliophobic_arrival_battle_scene, layout_rooms, hex_tiny,
          minmay_distorted
D:2:      minmay_inner_zag, layout_basic, chequers_ecumenical_altar_lobes,
          serial_shops, nicolae_shop_statue_plus
D:3:      layout_loops_corners, minmay_joined_circles
D:4:      layout_gridville, pdpol_wu_jian_five_deadly_venoms,
          mainiacjoe_overflow_paths, gammafunk_ghost_necromancy
D:5:      wander_river, layout_basic, minmay_temple_entry_gardened_gates,
          uniq_pikel, uniq_duvessa, uniq_menkaure, uniq_crazy_yiuf_cottage
Temple:   eino_temple_water

Skill      XL: |  1  2  3  4  5  6  7 |
---------------+----------------------+-----
Spellcasting   | 4 5 6 |  6.5
Conjurations   | 5 6 |  6.5
Hexes          | 4 7 |  7.1
Necromancy     | 1 |  1.0
Translocations | 3 5 |  5.7
Dodging        | |  2.4
Stealth        | |  2.4

Action                   |  1- 3 |  4- 6 |  7- 9 || total
-------------------------+-------+-------+-------++-------
 Cast: Magic Dart        |    71 |   102 |    15 ||   188
       Searing Ray       |     1 |    12 |     5 ||    18
       Fulminant Prism   |       |     2 |     2 ||     4
       Iskenderun's Myst |       |       |     1 ||     1
  Use: Potion            |       |       |     2 ||     2
Armor: Robe              |       |    10 |     2 ||    12
       Skin              |       |       |     1 ||     1
Dodge: Dodged            |     4 |    21 |     1 ||    26
